 Dungeon Crawl Stone Soup version 0.28.0-53-g5a82cb258f (webtiles) character file.

Game seed: 8064951504433831748

102 hawla the Conjurer (level 4, -2/24 HPs)
             Began as a Deep Elf Conjurer on June 12, 2022.
             Killed from afar by Sigmund (8 damage)
             ... with a puff of flame
             ... on level 3 of the Dungeon on June 16, 2022.
             The game lasted 00:08:28 (2816 turns).

hawla the Conjurer (Deep Elf Conjurer)              Turns: 2816, Time: 00:08:28

Health: -2/24      AC:  4    Str:  4    XL:     4   Next: 50%
Magic:  7/11       EV: 12    Int: 25    God:
Gold:   140        SH:  0    Dex: 13    Spells: 7/10 levels left

rFire   . . .      SeeInvis .   c - staff of conjuration
rCold   + . .      Faith    .   (no shield)
rNeg    . . .      Spirit   .   a - +2 robe
rPois   +          Reflect  .   (no helmet)
rElec   .          Harm     .   (no cloak)
rCorr   .          Rampage  .   (no gloves)
Will    .....                   (no boots)
Stlth   ++........              (no amulet)
HPRegen 0.08/turn               l - ring of poison resistance
MPRegen 0.12/turn               f - ring of protection from cold

@: no status effects
A: no striking features
a: no special abilities


You were on level 3 of the Dungeon.
You visited 1 branch of the dungeon, and saw 4 of its levels.

You collected 140 gold pieces.

Inventory:

Missiles
 e - 2 curare-tipped darts (quivered)
Armour
 a - a +2 robe (worn)
Magical Staves
 c - a staff of conjuration (weapon)
Jewellery
 d - a +4 ring of slaying
 f - a ring of protection from cold (right hand)
 l - a ring of poison resistance (left hand)
Scrolls
 b - 2 scrolls of immolation {unknown}
 k - 2 scrolls of teleportation
Potions
 g - a potion of cancellation
 h - 2 potions of brilliance {unknown}
 i - a potion of resistance {unknown}


   Skills:
 + Level 3.0 Dodging
 + Level 2.7 Stealth
 + Level 3.8 Spellcasting
 + Level 5.7 Conjurations
 * Level 0.8 Evocations


You had 7 spell levels left.
You knew the following spells:

 Your Spells              Type           Power      Damage    Failure   Level
a - Magic Dart            Conj           100%       1d8       1%          1
b - Searing Ray           Conj           100%       2d8       1%          2

Your spell library contained the following spells:

 Spells                   Type           Power      Damage    Failure   Level
 Dazzling Flash           Conj/Hex       56%        N/A       9%          3
 Corpse Rot               Necr/Air       8%         N/A       14%         2
 Fulminant Prism          Conj/Hex       14%        3d9       28%         4
 Iskenderun's Mystic Bla  Conj/Tloc      28%        2d7       28%         4
 Dispel Undead            Necr           4%         3d7       67%         4
 Death Channel            Necr           2%         N/A       100%        6


Dungeon Overview and Level Annotations

Branches:
Dungeon (4/15)
 Temple: D:4-7

Altars:

Annotations:
D:3 Sigmund


Message History

Found a ring mail.
Sigmund shouts!
Sigmund mumbles some strange words.
Sigmund flickers and vanishes!
Deactivating autopickup; reactivate with Ctrl-A.
There is a strange disturbance nearby!
There is a strange disturbance nearby!
Casting: Searing Ray (safe; 1% risk of failure)
Confirm with . or Enter, or press ? or * to list all spells.
Aiming: Searing Ray (safe; 1% risk of failure)
Press: ? - help, Shift-Dir - straight line You feel a surge of power!
The searing ray hits something! (Press . to maintain the ray.)
A frilled lizard comes into view.
The searing ray hits something!
The searing ray hits the frilled lizard!
You kill the frilled lizard!
You hear some strange, mumbled words.
Something tries to affect you, but you resist.
The searing ray hits something!
A puff of flame appears from out of thin air!
The puff of flame hits you!
You finish channelling your searing ray.
Casting: Searing Ray (safe; 1% risk of failure)
Confirm with . or Enter, or press ? or * to list all spells.
You can't see any susceptible monsters within range! (Use Z to cast anyway.)
Something hits you but does no damage.
Casting: Searing Ray (safe; 1% risk of failure)
Confirm with . or Enter, or press ? or * to list all spells.
Aiming: Searing Ray (safe; 1% risk of failure)
Press: ? - help, Shift-Dir - straight line
Okay, then.
You hear some strange, mumbled words.
Something tries to affect you, but you resist.
A magic dart appears from out of thin air!
The magic dart hits you!
* * * LOW HITPOINT WARNING * * *
A puff of flame appears from out of thin air!
The puff of flame hits you!
You die...

#....##..........# #.##.......
..................# #.##.#.#...
#.........#####.#######.##.#.#...
#.......................##...#...
#................................
#.[..............##########..####
#...........................>....
^...............#######.....)...
#...........@................
#......{......######.........
#........####.# #.........
#........# #.# #.........
#........# #.# #.........
#........# #.# #.........
#........# #.# #.........
#........# #.# #####.........#


There were no monsters in sight!

Vanquished Creatures
  2 adders
  2 gnolls (D:4)
  A worm (D:2)
  A dart slug (D:2)
  5 orcs
  3 ball pythons
  3 endoplasms
  2 giant cockroaches
  5 hobgoblins
  4 jackals (D:3)
  4 kobolds
  A quokka (D:2)
  5 bats
  2 frilled lizards
  7 goblins
  6 rats
53 creatures vanquished.

Notes
Turn   | Place    | Note
-------+----------+-------------------------------------------
     0 | D:1      | hawla the Deep Elf Conjurer began the quest for the Orb.
     0 | D:1      | Reached XP level 1. HP: 10/10 MP: 6/6
   434 | D:1      | Found a faded altar of an unknown god.
   487 | D:1      | Reached XP level 2. HP: 15/15 MP: 5/8
   490 | D:1      | Learned a level 2 spell: Searing Ray
   944 | D:1      | Reached skill level 5 in Conjurations
  1410 | D:2      | You fall into a shaft and drop 2 floors!
  1423 | D:4      | Reached XP level 3. HP: 13/19 MP: 4/9
  1776 | D:3      | Noticed Sigmund
  1779 | D:3      | Reached XP level 4. HP: 16/24 MP: 5/11
  2816 | D:3      | Killed from afar by Sigmund

Illustrated notes

Levels and vault maps discovered:
D:1:      shiori_arrival_oz, layout_basic, dreamdust_ecumenical_altar_grove,
          minmay_heptomino_l4
D:2:      layout_loops_ring
D:3:      layout_basic, feat_on_display, uniq_sigmund
D:4:      layout_basic, temple_hall, serial_shops,
          nicolae_shop_bloodbath_and_beyond

Skill      XL: |  1  2  3  4 |
---------------+-------------+-----
Conjurations   | 5 |  5.7
Dodging        | 3 |  3.0
Stealth        | |  2.7
Spellcasting   | |  3.8
Evocations     | |  0.8

Action                   |  1- 3 |  4- 6 || total
-------------------------+-------+-------++-------
 Cast: Magic Dart        |    29 |    15 ||    44
       Searing Ray       |    16 |     7 ||    23
  Use: Scroll            |     3 |     2 ||     5
Armor: Robe              |     1 |     1 ||     2
Dodge: Dodged            |     3 |     3 ||     6
